 Dungeon Crawl Stone Soup version 0.21.1-1-g345015f (webtiles) character file.

474 aMcNicky the Charmwright (level 7, -1/56 HPs)
             Began as a Gnoll Skald on Mar 15, 2018.
             Killed from afar by an orc wizard (11 damage)
             ... with a puff of frost
             ... on level 2 of the Dungeon.
             The game lasted 00:12:25 (4018 turns).

aMcNicky the Charmwright (Gnoll Skald)              Turns: 4018, Time: 00:12:26

Health: -1/56      AC:  5    Str: 15    XL:     7   Next: 10%
Magic:  17/30      EV: 13    Int: 15    God:
Gold:   113        SH:  0    Dex: 15    Spells: 14/17 levels left

rFire    . . .     SeeInvis .   y - staff of power
rCold    . . .     Gourm    .   (no shield)
rNeg     . . .     Faith    .   h - +0 ring mail
rPois    .         Spirit   .   (no helmet)
rElec    .         Reflect  .   (no cloak)
rCorr    .         Harm     .   (no gloves)
MR       .....                  (no boots)
Stlth    +.........             (no amulet)
HPRegen  0.18/turn              (no ring)
MPRegen  0.22/turn              (no ring)

@: infused
A: distributed training, fangs 1, strong nose
a: no special abilities


You were on level 2 of the Dungeon.
You were hungry.

You visited 1 branch of the dungeon, and saw 4 of its levels.

You collected 113 gold pieces.

Inventory:

Hand Weapons
 z - a -2 halberd
Armour
 b - a +0 leather armour
 h - a +0 ring mail (worn)
Magical Staves
 y - an uncursed staff of power (weapon)
Scrolls
 f - 4 scrolls of identify {@r1}
 g - a scroll of remove curse {@r2}
 j - a scroll of teleportation {unknown}
 k - 2 scrolls of amnesia {unknown}
 l - 3 scrolls of enchant weapon
 n - a scroll of noise {unknown}
 p - 2 scrolls of fear {unknown}
 q - a scroll of blinking {unknown}
 s - a scroll of enchant armour {unknown}
 x - a scroll of immolation {unknown}
Potions
 e - 2 potions of mutation
 i - a potion of magic {unknown}
 r - a potion of cancellation {unknown}
 v - a potion of haste {unknown}
 w - a potion of brilliance {unknown}
Books
 c - a book of Battle

   Spells                             Type                      Level
   a - Infusion                       Charms                       1
   b - Shroud of Golubria             Charms/Translocation         2
   c - Song of Slaying                Charms                       2
   d - Spectral Weapon                Hexes/Charms                 3
   e - Regeneration                   Charms/Necromancy            3
 u - a book of Callings

   Spells                             Type                      Level
   a - Summon Small Mammal            Summoning                    1
   b - Call Imp                       Summoning                    2
   c - Call Canine Familiar           Summoning                    3
   d - Summon Guardian Golem          Hexes/Summoning              3
   e - Summon Lightning Spire         Summoning/Air                4
   f - Summon Ice Beast               Ice/Summoning                4
Comestibles
 d - 8 rations


   Skills:
 + Level 5.1 Fighting
 + Level 2.2 Short Blades
 + Level 2.2 Long Blades
 + Level 5.1 Axes
 + Level 2.2 Maces & Flails
 + Level 2.2 Polearms
 + Level 2.2 Staves
 + Level 2.2 Slings
 + Level 2.2 Bows
 + Level 2.2 Crossbows
 + Level 2.2 Throwing
 + Level 3.4 Armour
 + Level 5.1 Dodging
 + Level 2.2 Stealth
 + Level 2.2 Shields
 + Level 2.2 Unarmed Combat
 + Level 5.5 Spellcasting
 + Level 1.8 Conjurations
 + Level 1.8 Hexes
 + Level 5.7 Charms
 + Level 1.8 Summonings
 + Level 1.8 Necromancy
 + Level 1.8 Translocations
 + Level 1.8 Transmutations
 + Level 1.8 Fire Magic
 + Level 1.8 Ice Magic
 + Level 1.8 Air Magic
 + Level 1.8 Earth Magic
 + Level 1.8 Poison Magic
 + Level 2.4 Invocations
 + Level 2.2 Evocations


You had 14 spell levels left.
You knew the following spells:

 Your Spells              Type           Power        Failure   Level  Hunger
a - Infusion              Chrm           ###.         2%          1    None
b - Call Imp              Summ           #.......     22%         2    #......


Dungeon Overview and Level Annotations

Branches:
Dungeon (4/15)
 Temple: D:4-7

Altars:


Innate Abilities, Weirdness & Mutations

Your experience applies equally to all skills.
You have very sharp teeth.
Your uncanny sense of smell can sniff out nearby items.


Message History

There is an escape hatch in the ceiling here.
* * * LOW HITPOINT WARNING * * *
You feel sick.
The orc wizard hits you but does no damage.
You are more poisoned.
A mysterious force pulls you upwards. The hatch slams shut behind you.
* * * LOW HITPOINT WARNING * * *
You feel sick.
You feel better. The orc wizard casts a spell at you. The magic dart hits you!
The orc wizard points at you and mumbles some strange words.
The puff of frost misses you.
Casting: Infusion
Confirm with . or Enter, or press ? or * to list all spells.
A beastly little devil appears in a puff of flame.
You are feeling hungry.
The orc wizard points at you and mumbles some strange words.
The puff of frost hits you!
You die...

#.......##.......###....#
#.####..##..............##
#.####..##...............#
#.##....##...............#
#.##.##.##...............#
#.##.##.##........##...###
#...)...##.............#
####.#####..#.#.###.#.##
#.#...@o...#.# #.#.#
#.#.###.5###.###.#.#
######.#.# #..###.......#
###
#........###......###.######
..# #.####....##......# #.#
#...
#.####.####.......[.#..###.#
#.##
#.........##...###.........#
#.#
#.####.##.##..##)##..#######
#.# #.# #.##.##..#...#..##
#.#


You could see an orc wizard and a friendly crimson imp.

Vanquished Creatures
  The ghost of letownia2 the Insei, an amateur MfTm (D:3)
  An ogre (D:2)
  A scorpion (D:3)
  A bullfrog skeleton (D:4)
  A worker ant zombie (D:4)
  5 adders
  5 gnolls
  4 worms
  A dart slug (D:3)
  4 leopard geckos
  4 ball pythons
  10 bats
  A bat skeleton (D:2)
  7 giant cockroaches
  9 goblins
  6 hobgoblins
  3 jackals (D:3)
  12 kobolds
  2 quokkas
  6 frilled lizards
  6 rats
90 creatures vanquished.

Vanquished Creatures (collateral kills)
  An orc (D:4)
  A quokka (D:4)
2 creatures vanquished.

Grand Total: 92 creatures vanquished

Notes
Turn   | Place    | Note
-------+----------+-------------------------------------------
     0 | D:1      | aMcNicky the Gnoll Skald began the quest for the Orb.
     0 | D:1      | Reached XP level 1. HP: 20/20 MP: 6/6
   188 | D:1      | Reached XP level 2. HP: 26/26 MP: 7/7
   580 | D:1      | Reached XP level 3. HP: 25/31 MP: 9/9
   809 | D:1      | Reached skill level 5 in Spellcasting
  1049 | D:1      | Reached skill level 1 in Invocations
  1218 | D:2      | Noticed an ogre
  1486 | D:2      | Reached skill level 1 in Short Blades
  1486 | D:2      | Reached skill level 1 in Long Blades
  1486 | D:2      | Reached skill level 1 in Maces & Flails
  1486 | D:2      | Reached skill level 1 in Polearms
  1486 | D:2      | Reached skill level 1 in Staves
  1486 | D:2      | Reached skill level 1 in Slings
  1486 | D:2      | Reached skill level 1 in Bows
  1486 | D:2      | Reached skill level 1 in Crossbows
  1486 | D:2      | Reached skill level 1 in Throwing
  1486 | D:2      | Reached skill level 1 in Stealth
  1486 | D:2      | Reached skill level 1 in Shields
  1486 | D:2      | Reached skill level 1 in Unarmed Combat
  1486 | D:2      | Reached skill level 1 in Evocations
  1486 | D:2      | Reached XP level 4. HP: 29/38 MP: 3/11
  1983 | D:2      | Reached skill level 1 in Conjurations
  1983 | D:2      | Reached skill level 1 in Hexes
  1983 | D:2      | Reached skill level 1 in Summonings
  1983 | D:2      | Reached skill level 1 in Necromancy
  1983 | D:2      | Reached skill level 1 in Translocations
  1983 | D:2      | Reached skill level 1 in Transmutations
  1983 | D:2      | Reached skill level 1 in Fire Magic
  1983 | D:2      | Reached skill level 1 in Ice Magic
  1983 | D:2      | Reached skill level 1 in Air Magic
  1983 | D:2      | Reached skill level 1 in Earth Magic
  1983 | D:2      | Reached skill level 1 in Poison Magic
  2293 | D:2      | Reached XP level 5. HP: 38/43 MP: 12/12
  2705 | D:3      | Learned a level 2 spell: Call Imp
  2718 | D:3      | Noticed letownia2's ghost (amateur MfTm)
  3003 | D:2      | Killed an ogre
  3003 | D:2      | Reached XP level 6. HP: 35/50 MP: 8/13
  3116 | D:3      | Killed letownia2's ghost
  3116 | D:3      | Reached skill level 5 in Fighting
  3116 | D:3      | Reached skill level 5 in Axes
  3116 | D:3      | Reached skill level 5 in Dodging
  3863 | D:4      | Reached XP level 7. HP: 50/56 MP: 7/15
  4012 | D:3      | HP: 1/56 [poisoned by an orc wizard]
  4018 | D:2      | Killed from afar by an orc wizard

Skill      XL: |  1  2  3  4  5  6 |
---------------+-------------------+-----
Spellcasting   | 5 |  5.5
Invocations    | 1 2 |  2.4
Short Blades   | 1 2 |  2.2
Long Blades    | 1 2 |  2.2
Maces & Flails | 1 2 |  2.2
Polearms       | 1 2 |  2.2
Staves         | 1 2 |  2.2
Slings         | 1 2 |  2.2
Bows           | 1 2 |  2.2
Crossbows      | 1 2 |  2.2
Throwing       | 1 2 |  2.2
Stealth        | 1 2 |  2.2
Shields        | 1 2 |  2.2
Unarmed Combat | 1 2 |  2.2
Evocations     | 1 2 |  2.2
Conjurations   | 1 |  1.8
Hexes          | 1 |  1.8
Summonings     | 1 |  1.8
Necromancy     | 1 |  1.8
Translocations | 1 |  1.8
Transmutations | 1 |  1.8
Fire Magic     | 1 |  1.8
Ice Magic      | 1 |  1.8
Air Magic      | 1 |  1.8
Earth Magic    | 1 |  1.8
Poison Magic   | 1 |  1.8
Armour         | 3 |  3.4
Fighting       | 5 |  5.1
Axes           | 5 |  5.1
Dodging        | 5 |  5.1
Charms         | |  5.7

Action                   |  1- 3 |  4- 6 |  7- 9 || total
-------------------------+-------+-------+-------++-------
Melee: Hand axe          |   104 |    90 |       ||   194
       Bite              |    14 |    12 |     4 ||    30
       Lajatang          |       |    66 |     5 ||    71
       Halberd           |       |       |    19 ||    19
       Staff             |       |       |    13 ||    13
 Cast: Infusion          |     4 |     7 |     1 ||    12
       Call Imp          |       |     3 |     3 ||     6
  Use: Scroll            |       |     2 |     1 ||     3
       Potion            |       |       |     2 ||     2
 Stab: Distracted        |       |       |     1 ||     1
  Eat: Chunk             |     1 |     2 |       ||     3
       Ration            |     1 |     1 |       ||     2
Armor: Leather armour    |    19 |       |       ||    19
       Ring mail         |    11 |    46 |    12 ||    69
Dodge: Dodged            |    88 |   119 |    30 ||   237
